AoeStats
← Mr. Penis

Nomad

507768514Analyzed
4v4 RM · 12d ago on Sep 19, 2026· 46m 59s· 8 players
Game mode
Random Map
Map size
231×231
Population
200
Speed
Normal
Resources
Standard
Victory
Conquest
Starting age
Dark Age
Ending age
Imperial Age
RankedLock teamsTeams togetherTeam positionsShared explorationLock speedFull tech treeHidden civsTurbo modeCheats
Victory
Defeat
🇧🇷 Goths · Brazil
1234
+15
🇷🇺 Jurchens · Russia
1224
+16
🇯🇵 Japanese · Japan
1191
+17
🇨🇳 Saracens · China
1183
+17
🇳🇴 Wu · Norway
1234
-17
🇳🇱 Burgundians · Netherlands
1232
-17
🇪🇸 Portuguese · Spain
1213
-16
🇫🇷 Vikings · France
1184
-15
ChiMi..ChiMi
8:14 Loom
16:34 Feudal Age
17:55 Double-Bit Axe
23:03 Castle Age
20:58 Gold Mining
21:00 Stone Mining
21:18 Fletching
23:29 Town Watch
24:48 Bow Saw
25:41 Elite Skirmisher
28:48 Horse Collar
30:09 Padded Archer Armor
31:16 Bodkin Arrow
34:46 Imperial Age
33:28 Siphons
33:09 Fishing Lines
35:23 Wheelbarrow
35:00 Town Patrol
37:04 Leather Archer Armor
Maudje10
5:24 Loom
12:37 Feudal Age
11:56 Double-Bit Axe
12:21 Fishing Lines
13:45 Bow Saw
14:41 Horse Collar
20:16 Castle Age
19:00 Forging
18:52 Gillnets
19:54 Scale Barding Armor
20:06 Heavy Plow
20:32 Cavalier
22:48 Two-Man Saw
22:09 Gold Mining
25:39 Wheelbarrow
26:38 Crop Rotation
26:45 Chain Barding Armor
27:24 Husbandry
39:20 Hand Cart
39:32 Town Watch
Nutty
11:52 Loom
13:37 Feudal Age
18:12 Castle Age
16:41 Fletching
16:58 Padded Archer Armor
17:34 Gold Mining
19:23 Double-Bit Axe
20:24 Bodkin Arrow
29:52 Red Cliffs Tactics
30:52 Ballistics
31:41 Leather Archer Armor
38:37 Horse Collar
poildebouc
5:20 Loom
15:31 Feudal Age
17:59 Fishing Lines
20:59 Castle Age
19:27 Double-Bit Axe
19:25 Horse Collar
22:03 Fletching
22:42 Stone Mining
22:55 Heavy Plow
27:20 Gold Mining
31:22 Imperial Age
30:47 Bow Saw
32:12 Capped Ram
33:16 Conscription
34:48 Forging
34:38 Scale Mail Armor
35:15 Elite Berserk
37:51 Siege Ram
39:26 Iron Casting
43:21 Blast Furnace
42:37 Chain Mail Armor
43:50 Chieftains
45:20 Plate Mail Armor
Vtinglove
3:43 Loom
14:07 Feudal Age
14:47 Double-Bit Axe
17:04 Fletching
22:23 Horse Collar
26:13 Castle Age
26:29 Padded Archer Armor
26:25 Crossbowman
27:11 Thumb Ring
27:04 Bodkin Arrow
30:39 Town Watch
32:07 Wheelbarrow
35:08 Imperial Age
34:29 Bow Saw
38:06 Chemistry
37:08 Bracer
37:28 Leather Archer Armor
39:04 Hand Cart
39:58 Arbalester
43:33 Ballistics
45:34 Two-Man Saw
46:28 Gold Mining
46:29 Stone Mining
Vhl.Leader
13:47 Loom
15:33 Feudal Age
19:27 Castle Age
17:50 Double-Bit Axe
20:52 Wheelbarrow
30:38 Scale Mail Armor
30:48 Forging
31:58 Forging
34:29 Chain Mail Armor
39:26 Iron Casting
42:31 Hand Cart
44:20 Horse Collar
44:32 Gold Mining
45:27 Anarchy
Mr. Penis
14:16 Feudal Age
16:24 Double-Bit Axe
19:04 Castle Age
16:50 Horse Collar
19:07 Gold Mining
20:11 Bow Saw
19:55 Fishing Lines
21:12 Loom
23:09 Stone Mining
23:26 Heavy Plow
24:44 Wheelbarrow
30:52 Stone Shaft Mining
31:34 Sanctity
32:27 Gold Shaft Mining
35:20 Hand Cart
34:50 Town Watch
41:48 Imperial Age
39:19 Town Patrol
40:39 Gillnets
41:19 Bloodlines
41:10 Husbandry
42:54 Conscription
42:58 Guilds
43:45 Crop Rotation
44:16 Two-Man Saw
44:26 Hoardings
45:25 Scale Barding Armor
45:31 Forging
45:55 Coinage
45:25 Caravan
46:49 Chain Barding Armor
45:58 Elite Iron Pagoda
only vills
5:04 Loom
18:36 Feudal Age
19:19 Town Watch
19:22 Double-Bit Axe
19:29 Fishing Lines
19:44 Gold Mining
19:46 Stone Mining
22:25 Castle Age
21:36 Fletching
23:08 Town Patrol
23:21 Bow Saw
23:22 Bodkin Arrow
23:24 Gillnets
24:41 Yasama
24:44 Guard Tower
24:51 Murder Holes
25:26 Ballistics
25:31 Treadmill Crane
26:01 Masonry
28:40 Imperial Age
29:26 Bracer
29:15 Arrowslits
30:32 Chemistry
31:44 Keep
Connection lost

Rejoining the realm…

Still unreachable

The connection could not be restored.

Session expired

The server has moved on; the page needs a fresh start.